 Dungeon Crawl Stone Soup version 0.20-a0-1122-gb7cbeb9 (webtiles) character file.

431 anfisbena the Skirmisher (level 6, -2/35 HPs)
             Began as a Vine Stalker Fighter on May 14, 2017.
             Was a Believer of Uskayaw.
             Killed from afar by an orc wizard (8 damage)
             ... with a magic dart
             ... on level 4 of the Dungeon.
             The game lasted 00:03:42 (2948 turns).

anfisbena the Skirmisher (Vine Stalker Fighter)     Turns: 2948, Time: 00:03:42

Health: -2/35      AC:  9    Str: 18    XL:     6   Next: 99%
Magic:  0/7        EV:  7    Int:  8    God:    Uskayaw [**....]
Gold:   214        SH:  9    Dex: 14    Spells: 5/5 levels left

rFire    . . .     SeeInvis .   a - +0 long sword
rCold    . . .     Gourm    .   c - +0 shield
rNeg     . . .     Faith    .   n - +4 ring mail
rPois    .         Spirit   +   (no helmet)
rElec    .         Reflect  .   (no cloak)
rCorr    .         Harm     .   (no gloves)
MR       .....                  (no boots)
Stlth    +.........             (no amulet)
Regen    0.6/turn               q - -2 ring of dexterity (curse)
MPRegen  0.1/turn               (no ring)

@: no status effects
A: fangs 2, regeneration 1, magic shield, antimagic bite, no potion heal 3, rot
immunity
a: Stomp, Line Pass, Renounce Religion


You were on level 4 of the Dungeon.
You worshipped Uskayaw.
Uskayaw was noncommittal.
You were not hungry.

You visited 1 branch of the dungeon, and saw 4 of its levels.

You collected 214 gold pieces.

Inventory:

Hand Weapons
 a - a +0 long sword (weapon)
 b - a +1 dagger of speed
Armour
 c - a +0 shield (worn)
 n - a +4 ring mail (worn)
 r - a +0 helmet
Jewellery
 q - a cursed -2 ring of dexterity (left hand)
 t - an uncursed ring of flight {unknown}
Scrolls
 e - a scroll of magic mapping {unknown}
 i - 3 scrolls of teleportation
 l - 2 scrolls of recharging {unknown}
 o - 2 scrolls of remove curse {unknown}
 s - a scroll of fear {unknown}
 u - a scroll of immolation {unknown}
 v - a scroll of amnesia {unknown}
 w - a scroll of fog {unknown}
 x - a scroll of identify
Potions
 d - a potion of might
 h - 2 potions of mutation
 j - 5 potions of curing
 p - a potion of resistance
 z - a potion of agility {unknown}
Comestibles
 f - 3 bread rations
 g - 11 chunks of flesh
 k - a meat ration
 m - 4 royal jellies


   Skills:
 + Level 5.3 Fighting
 + Level 4.6 Long Blades
 - Level 2.4 Armour
 - Level 2.6 Shields


You had 5 spell levels left.
You didn't know any spells.

Dungeon Overview and Level Annotations

Branches:
Dungeon (4/15)
 Temple: D:4-7

Altars:
Uskayaw
Wu Jian


Innate Abilities, Weirdness & Mutations

You have extremely sharp teeth.
Your natural rate of healing is unusually fast.
When hurt, damage is shared between your health and your magic reserves.
Your bite disrupts and absorbs the magic of your enemies.
Potions cannot restore your health.
You are immune to rotting.


Message History

The orc wizard hits you but does no damage.
The orc hits you but does no damage.
You hit the orc wizard.
You kill the orc wizard!
The orc wizard hits you but does no damage.
You closely miss the orc wizard. You block the orc wizard's attack.
The orc barely misses you.
You riposte.
Your shield prevents you from hitting the orc.
You bite the orc. You drain its power.
You feel invigorated.
You kill the orc!
The orc wizard hits you but does no damage.
You closely miss the orc wizard.
The orc wizard mumbles some strange words.
The orc wizard blinks!
The orc wizard gestures at you while chanting.
The magic dart hits you!
* * * LOW HITPOINT WARNING * * *
The orc wizard points at you and mumbles some strange words.
The magic dart hits you!
You die...

....<..............#
......(.........)..#
..................#
.................#
..........#
..........#
..........#
.).....ยง..#
.......@.)#
..........#
..........#
....o.......
..........#.#
..........#.#
..........# #
..........#


You could see an orc wizard.

Vanquished Creatures
  Grinder (D:3)
  2 orc priests
  An orc wizard (D:4)
  4 adders
  An ooze (D:2)
  A dart slug (D:1)
  A worm (D:3)
  2 leopard geckos
  11 orcs
  7 bats
  2 giant cockroaches (D:1)
  10 goblins
  11 hobgoblins
  8 jackals
  A quokka (D:4)
  2 ball pythons
  4 frilled lizards
  8 kobolds
  7 rats
84 creatures vanquished.

Notes
Turn   | Place    | Note
-------+----------+-------------------------------------------
     0 | D:1      | anfisbena the Vine Stalker Fighter began the quest for the Orb.
     0 | D:1      | Reached XP level 1. HP: 11/11 MP: 2/2
   394 | D:1      | Reached skill level 3 in Fighting
   394 | D:1      | Reached XP level 2. HP: 16/16 MP: 3/3
   854 | D:2      | Reached XP level 3. HP: 18/20 MP: 4/4
  1370 | D:2      | Gained mutation: Your natural rate of healing is unusually fast. [Vine Stalker growth]
  1370 | D:2      | Reached XP level 4. HP: 25/25 MP: 5/5
  1829 | D:3      | Reached skill level 4 in Fighting
  2014 | D:3      | Reached XP level 5. HP: 26/29 MP: 6/6
  2050 | D:3      | Noticed Grinder
  2094 | D:3      | HP: 1/29 [Grinder/nerve-wracking pain (7)]
  2164 | D:3      | Paralysed by Grinder for 3 turns
  2171 | D:3      | Paralysed by Grinder for 6 turns
  2177 | D:3      | HP: 1/29 [Grinder/nerve-wracking pain (8)]
  2264 | D:3      | Killed Grinder
  2264 | D:3      | Reached skill level 5 in Fighting
  2264 | D:3      | Reached XP level 6. HP: 24/35 MP: 4/7
  2427 | D:3      | Found a hide-covered altar of Uskayaw.
  2447 | D:3      | Became a worshipper of Uskayaw the Reveler
  2485 | D:3      | Reached * piety under Uskayaw
  2513 | D:3      | Found an ornate altar of the Wu Jian Council.
  2733 | D:4      | Reached ** piety under Uskayaw
  2735 | D:4      | Reached *** piety under Uskayaw
  2948 | D:4      | Killed from afar by an orc wizard

Vault maps used:
D:1:      lordsloth_arrival_two_stooges
D:2:      cheibrodos_greedy_goblins, item_on_display_a
D:3:      old_standard_altar, overflow_temple_1_default, uniq_grinder
D:4:      first_bread

Skill      XL: |  1  2  3  4  5 |
---------------+----------------+-----
Long Blades    | 2 3 4 |  4.6
Fighting       | 3 4 5 |  5.3
Armour         | |  2.4
Shields        | |  2.6

Action                   |  1- 3 |  4- 6 || total
-------------------------+-------+-------++-------
Melee: Long sword        |    71 |    49 ||   120
       Bite              |    21 |    80 ||   101
       Dagger            |     4 |   228 ||   232
  Use: Scroll            |     4 |       ||     4
       Potion            |     3 |       ||     3
 Stab: Paralysed         |       |     1 ||     1
  Eat: Chunk             |     2 |     5 ||     7
Armor: Scale mail        |    15 |       ||    15
       Ring mail         |    18 |   106 ||   124
Dodge: Dodged            |    34 |    60 ||    94
Block: Shield            |    47 |   105 ||   152
       Rpst.: Long sword |    12 |     9 ||    21
